 Dungeon Crawl Stone Soup version 0.30-a0-304-gdc4b735fe1 (webtiles) character file.

Game seed: 9054443321922368574

128579 Lobster4 the Gelid (level 17, -4/192 HPs)
             Began as a Merfolk Ice Elementalist on Oct 20, 2022.
             Was the Champion of the Shining One.
             Slain by a wolf spider (12 damage)
             ... on level 4 of the Spider Nest.
             The game lasted 02:15:54 (31290 turns).

Lobster4 the Gelid (Merfolk Ice Elementalist)      Turns: 31290, Time: 02:15:54

Health: -4/192     AC: 32    Str:  9      XL:     17   Next: 3%
Magic:  24/31      EV: 14    Int: 16 (17) God:    the Shining One [******]
Gold:   1253       SH: 15    Dex: 23      Spells: 15/37 levels left

rFire   + . .      SeeInvis .    a - +3 trident (venom)
rCold   . . .      Faith    .    E - +1 kite shield {AC+3}
rNeg    + + +      Spirit   .    b - +3 troll leather armour {Snorg}
rPois   +          Reflect  .    f - +2 helmet of Beauty {Rampage rCorr}
rElec   +          Harm     .    N - +3 cloak of the Fiend {rPois Regen+}
rCorr   +          Rampage  +    v - +2 pair of gloves
Will    +++..                    e - +2 pair of boots "Cein" {rElec Str-4 Dex+3}
Stlth   ..........               F - amulet of the acrobat
HPRegen 2.12/turn                C - ring "Quiruv" {rPois Will+ rCorr Dex+5}
MPRegen 0.22/turn                I - ring of the Equinox {rF+ Will+ rCorr}

@: berserking, ice-armoured, glowing, very quick
A: (nimble swimmer 2), mertail, subdued magic 1
a: Renounce Religion, Divine Shield, Cleansing Flame, Summon Divine Warrior,
Brand Weapon With Holy Wrath


You were on level 4 of the Spider Nest.
You worshipped the Shining One.
The Shining One was exalted by your worship.
You visited 6 branches of the dungeon, and saw 23 of its levels.
You also visited: Gauntlet.

You collected 2626 gold pieces.
You spent 1373 gold pieces at shops.

Inventory:

Hand Weapons
 a - a +3 trident of venom (weapon)
 D - the +3 Elemental Staff {rElec rF++ rC++ AC+5}
   (You found it in a Gauntlet)

   If the wielder is skilled in Evocations, they can discharge powerful blasts
   of elemental energy when striking with it.
   It enhances your fire, ice, earth and air magic.
   AC:        It affects your AC (+5).
   rF:        It greatly protects you from fire.
   rC:        It greatly protects you from cold.
   rElec:     It insulates you from electricity.
Missiles
 j - 6 silver javelins
 p - 12 boomerangs (quivered)
 t - 25 poisoned darts
 X - 9 javelins
Armour
 b - a +3 troll leather armour (worn) {Snorg}
 e - the +2 pair of boots "Cein" (worn) {rElec Str-4 Dex+3}
   (You bought it in a shop on level 2 of the Orcish Mines)

   Str:       It affects your strength (-4).
   Dex:       It affects your dexterity (+3).
   rElec:     It insulates you from electricity.
 f - the +2 helmet of Beauty (worn) {Rampage rCorr}
   (You found it on level 3 of the Dungeon)

   rCorr:     It protects you from acid and corrosion.
   Rampage:   It bestows one free step when moving towards enemies.
 v - a +2 pair of gloves (worn)
 E - a +1 kite shield of protection (worn)
 N - the +3 cloak of the Fiend (worn) {rPois Regen+}
   (You found it in a Gauntlet)

   rPois:     It protects you from poison.
   Regen:     It increases your rate of health regeneration.
Magical Staves
 W - a staff of fire
Jewellery
 h - a ring of see invisible
 x - a +6 ring of intelligence
 C - the ring "Quiruv" (left hand) {rPois Will+ rCorr Dex+5}
   (You acquired it on level 2 of the Orcish Mines)

   [ring of willpower]

   Dex:       It affects your dexterity (+5).
   rPois:     It protects you from poison.
   rCorr:     It protects you from acid and corrosion.
   Will:      It increases your willpower.
 F - an amulet of the acrobat (around neck)
 I - the ring of the Equinox (right hand) {rF+ Will+ rCorr}
   (You found it in a Gauntlet)

   [ring of protection from fire]

   rF:        It protects you from fire.
   rCorr:     It protects you from acid and corrosion.
   Will:      It increases your willpower.
 Y - the ring of the Open Hand {Ice Str+3 Dex+2}
   (You took it off a minotaur in a Gauntlet)

   [ring of ice]

   It enhances your ice magic.
   Str:       It affects your strength (+3).
   Dex:       It affects your dexterity (+2).
   rF:        It makes you vulnerable to fire.
   rC:        It protects you from cold.
Wands
 i - a wand of roots (8)
 G - a wand of digging (4)
 J - a wand of flame (52)
 P - a wand of paralysis (26)
 V - a wand of mindburst (1)
Scrolls
 g - 4 scrolls of poison
 k - a scroll of enchant weapon
 l - 10 scrolls of immolation
 r - a scroll of summoning
 s - 4 scrolls of teleportation
 u - 4 scrolls of enchant armour
 y - a scroll of fear
 H - 4 scrolls of butterflies
 K - a scroll of brand weapon
 S - 2 scrolls of silence
Potions
 c - 4 potions of might
 d - 5 potions of curing
 m - 6 potions of haste
 o - a potion of brilliance
 q - 2 potions of magic
 w - 5 potions of lignification
 z - 2 potions of heal wounds
 A - 2 potions of berserk rage
 L - 3 potions of flight
 O - a potion of ambrosia
 Q - 2 potions of cancellation
Miscellaneous
 B - a tin of tremorstones (2/2)
 M - a lightning rod (4/4)


   Skills:
 - Level 10.0 Fighting
 - Level 1.0 Maces & Flails
 - Level 12.0 Polearms
 - Level 3.0 Throwing
 - Level 6.0 Armour
 - Level 6.0 Dodging
 - Level 3.0 Stealth
 + Level 11.3 Shields
 + Level 10.8 Spellcasting
 - Level 6.0 Conjurations
 - Level 5.0 Summonings
 * Level 17.9 Ice Magic
 - Level 5.0 Air Magic
 + Level 3.9 Earth Magic
 + Level 5.0 Invocations
 - Level 3.0 Evocations


You had 15 spell levels left.
You knew the following spells:

 Your Spells              Type           Power      Damage    Failure   Level
a - Freeze                Ice            100%       1d10      0%          1
b - Frozen Ramparts       Ice            100%       1d16      1%          3
c - Ozocubu's Armour      Ice            50%        N/A       1%          3
d - Stone Arrow           Conj/Erth      36%        3d9       7%          3
e - Freezing Cloud        Conj/Ice/Air   15%        6-21      10%         5
f - Hailstorm             Conj/Ice       36%        3d9       1%          3
g - Summon Ice Beast      Ice/Summ       34%        N/A       1%          4

Your spell library contained the following spells:

 Spells                   Type           Power      Damage    Failure   Level
 Summon Small Mammal      Summ           72%        N/A       2%          1
 Ice Form                 Ice/Tmut       28%        N/A       4%          4
 Call Canine Familiar     Summ           18%        N/A       7%          3
 Apportation              Tloc           12%        N/A       21%         1
 Beastly Appendage        Tmut           12%        N/A       21%         1
 Summon Guardian Golem    Hex/Summ       12%        N/A       22%         3
 Sublimation of Blood     Necr           6%         N/A       30%         2
 Wereblood                Tmut           6%         N/A       30%         2
 Animate Armour           Summ/Erth      34%        N/A       32%         4
 Spider Form              Tmut/Pois      6%         N/A       52%         3
 Tukima's Dance           Hex            6%         N/A       52%         3
 Simulacrum               Ice/Necr       14%        N/A       63%         6
 Cause Fear               Hex            3%         N/A       91%         4
 Passage of Golubria      Tloc           6%         N/A       91%         4
 Alistair's Intoxication  Tmut/Pois      4%         N/A       99%         5
 Yara's Violent Unravell  Hex/Tmut       3%         3d4       99%         5
 Dragon Form              Tmut           3%         N/A       100%        7
 Enfeeble                 Hex            3%         N/A       100%        7
 Summon Hydra             Summ           9%         N/A       100%        7
 Lehudib's Crystal Spear  Conj/Erth      9%         10d4      100%        8
 Dragon's Call            Summ           9%         N/A       100%        9
 Polar Vortex             Ice            25%        N/A       100%        9


Dungeon Overview and Level Annotations

Branches:
Dungeon (10/15)            Temple (1/1) D:4            Lair (5/5) D:10
 Shoals (0/4) Lair:2       Spider (4/4) Lair:3        Slime (0/5) Lair:4
    Orc (2/2) D:10            Elf (1/3) Orc:2       Gauntlet (visited)

Altars:
Ashenzari
Cheibriados
Dithmenos
Elyvilon
Fedhas
Gozag
Hepliaklqana
Kikubaaqudgha
Makhleb
Nemelex Xobeh
Okawaru
Qazlal
Ru
Sif Muna
Trog
Uskayaw
Vehumet
Wu Jian
Xom
Yredelemnul
Zin
The Shining One
Jiyva

Shops:
D:3 !   D:8 !   Orc:2 [[***


Innate Abilities, Weirdness & Mutations

((You are very nimble when in or above water. (Stealth+, EV+, Speed+++)))
Your lower body shifts to a powerful aquatic tail in water.
Your spells are a little easier to cast, but a little less powerful.


Message History

Unknown command.
You puncture the wolf spider!
The wolf spider is poisoned.
The wolf spider is lightly wounded.
A tarantella comes into view.
The jumping spider leaps!
You block the pharaoh ant's attack. The wolf spider barely misses you.
The wolf spider bites you but does no damage.
The jumping spider leaps!
You barely miss the wolf spider.
The wolf spider is moderately wounded.
The demonic crawler hits you but does no damage.
You block the demonic crawler's attack. x2
A redback comes into view.
You barely miss the wolf spider.
The wolf spider is moderately wounded.
The wolf spider hits you but does no damage.
The wolf spider bites you but does no damage.
You block the pharaoh ant's attack. The demonic crawler misses you.
The demonic crawler hits you.
* * * LOW HITPOINT WARNING * * *
The demonic crawler hits you but does no damage.
You barely miss the wolf spider.
The wolf spider is moderately wounded.
The demonic crawler barely misses you. x2
The demonic crawler closely misses you. The pharaoh ant bites you!!
* * * LOW HITPOINT WARNING * * *
You block the wolf spider's attack. The wolf spider bites you.
* * * LOW HITPOINT WARNING * * *
You are too berserk!
You hit the wolf spider.
The wolf spider looks as sick as possible!
The wolf spider is moderately wounded.
A tarantella comes into view.
The jumping spider leaps!
The demonic crawler hits you!
* * * LOW HITPOINT WARNING * * *
You block the demonic crawler's attack.
The demonic crawler hits you but does no damage.
The demonic crawler shrieks in warning!
The wolf spider hits you!
You die...

.. .#............ . . .
^#... ...... #. #^ .s s...
..s.. ..# ...#.# .#.
s....ss.###.... ....
#...#s..#s....#..## ##.#
.^... .s#......^# #..<
...##.†##s#.#....##.##..
...s^.sss@#^....###....###
...#..#BBs†....#.##..###.#
...#..^.#..#...^....#....
....s.^°##.^s.^.........#.
.....#...####...#...#.....
#.#..^.......<..^..#....#
. #^.#...#........#^...#.
........................
.....^#.#..[.##.#.#...^.


You could see an emperor scorpion, 2 demonic crawlers, a wolf spider (extremely
poisoned), 2 orb spiders, 2 pharaoh ants, 3 jumping spiders, 2 tarantellas and 2
redbacks.

Vanquished Creatures
  Frances (Spider:2)
  Agnes (Spider:2)
  Donald (Spider:1)
  4 emperor scorpions
  3 ghost moths
  Aizul (Spider:3)
  An orc warlord (Orc:2)
  3 spark wasps
  Snorg (Lair:4)
  A fire dragon (Lair:5)
  Josephine (Orc:2)
  6 entropy weavers
  An ice dragon (Lair:5)
  2 jorogumos
  Erica (D:8)
  2 boulder beetles
  3 hydras
  2 two-headed ogres
  4 radroaches (Spider:3)
  2 dancing weapons
  An orc high priest (Orc:2)
  2 sixfirhies (Gauntlet)
  A sun moth (Spider:2)
  8 pharaoh ants
  4 steelbarb worms
  5 orb spiders
  A swamp dragon (Lair:5)
  2 deep elf pyromancers (Elf:1)
  4 deep elf zephyrmancers (Elf:1)
  9 orc knights (Orc:2)
  21 wolf spiders
  A lindwurm (Lair:5)
  2 orc sorcerers
  A manticore (Lair:2)
  3 moths of wrath
  4 elephants (Lair:3)
  3 cyclopes
  Joseph (D:8)
  6 black mambas
  9 cane toads
  7 torpor snails
  8 rime drakes
  Maggie (D:7)
  7 demonic crawlers
  An unseen horror (D:10)
  An efreet (Gauntlet)
  11 komodo dragons
  7 meliai
  6 trolls
  10 hornets
  4 saltlings (Orc:2)
  A wind drake (Lair:2)
  4 tyrant leeches (Lair:5)
  15 tarantellas
  32 blink frogs
  7 dream sheep (Lair:5)
  36 jumping spiders
  20 culicivoras
  Sigmund (D:4)
  5 wraiths (Orc:2)
  10 wyverns
  A fire elemental (Gauntlet)
  29 yaks
  Eustachio (D:4)
  2 vampire mosquitoes (D:7)
  2 basilisks
  3 steam dragons
  4 wargs
  63 redbacks
  Edmund (D:4)
  An acid dragon (Lair:5)
  Duvessa (D:4)
  14 water moccasins
  A hell hound (Gauntlet)
  A sky beast (D:7)
  17 orc warriors
  5 black bears
  2 ice beasts
  A hornet zombie (D:7)
  9 ogres
  13 wolves
  4 centaurs
  A phantom (D:5)
  11 bullfrogs
  2 necrophages
  3 wyvern zombies (D:7)
  2 gnoll sergeants (D:6)
  5 scorpions
  A water moccasin zombie (D:7)
  16 wights
  Dowan (D:4)
  7 killer bees
  An electric eel (D:8)
  4 howler monkeys
  A human zombie (D:7)
  10 hounds
  A jelly (D:6)
  11 orc priests
  3 gnoll boudas (D:6)
  Crazy Yiuf (D:6)
  Jessica (D:2)
  Terence (D:3)
  9 iguanas
  18 orc wizards
  2 mummies (D:7)
  A howler monkey zombie (D:7)
  Robin (D:2)
  7 adders
  22 gnolls
  A shadow imp (D:8)
  A white imp (D:7)
  A worm (D:2)
  4 dart slugs
  40 orcs
  7 ball pythons
  5 endoplasms
  3 giant cockroaches
  13 goblins
  13 hobgoblins
  2 jackals (D:5)
  15 kobolds
  6 quokkas
  3 bats
  5 rats
  5 pillars of salt (Orc:2)
765 creatures vanquished.

Vanquished Creatures (collateral kills)
  A minotaur (Gauntlet)
  A tarantella (Spider:1)
  2 jumping spiders (Spider:1)
  An ogre (D:5)
5 creatures vanquished.

Vanquished Creatures (others)
  23 fungi
  2 pillars of salt (Orc:2)
  104 plants
129 creatures vanquished.

Grand Total: 899 creatures vanquished

Notes
Turn   | Place    | Note
-------+----------+-------------------------------------------
     0 | D:1      | Lobster4 the Merfolk Ice Elementalist began the quest for
                  | the Orb.
     0 | D:1      | Reached XP level 1. HP: 13/13 MP: 3/3
   238 | D:1      | Reached XP level 2. HP: 20/20 MP: 3/5
   600 | D:1      | Found a faded altar of an unknown god.
   807 | D:2      | Reached skill level 1 in Fighting
   886 | D:2      | Reached XP level 3. HP: 26/26 MP: 6/6
  1406 | D:2      | Reached skill level 5 in Ice Magic
  1495 | D:2      | Reached XP level 4. HP: 32/32 MP: 2/7
  1705 | D:2      | Noticed Robin
  1742 | D:2      | Killed Robin
  1994 | D:2      | Noticed Jessica
  2137 | D:2      | Killed Jessica
  2138 | D:2      | Reached XP level 5. HP: 36/38 MP: 5/9
  2484 | D:3      | Noticed Terence
  2733 | D:2      | Learned a level 3 spell: Frozen Ramparts
  2737 | D:2      | Learned a level 3 spell: Ozocubu's Armour
  3027 | D:3      | Found Plog's Distillery.
  3034 | D:3      | Bought a potion of lignification for 36 gold pieces
  3074 | D:3      | Identified the +2 helmet of Beauty {Rampage rCorr}
  3495 | D:4      | Reached XP level 6. HP: 40/46 MP: 3/10
  3612 | D:3      | Killed Terence
  3613 | D:3      | Reached skill level 1 in Throwing
  3613 | D:3      | Reached skill level 6 in Ice Magic
  3656 | D:4      | Found a staircase to the Ecumenical Temple.
  3657 | D:4      | Noticed Duvessa
  3662 | D:4      | Reached skill level 1 in Maces & Flails
  3667 | Temple   | Entered the Ecumenical Temple
  3730 | Temple   | Became a worshipper of the Shining One
  3766 | D:4      | Noticed Dowan
  3775 | D:4      | Killed Dowan
  3776 | D:4      | Reached skill level 1 in Armour
  3831 | D:4      | Killed Duvessa
  3832 | D:4      | Reached skill level 1 in Polearms
  3832 | D:4      | Reached XP level 7. HP: 13/51 MP: 1/12
  4032 | D:4      | Noticed Eustachio
  4121 | D:4      | Killed Eustachio
  4122 | D:4      | Reached skill level 1 in Shields
  4168 | D:4      | Noticed Edmund
  4292 | D:4      | Reached skill level 7 in Ice Magic
  4826 | D:4      | Noticed a yak
  4839 | D:4      | Killed a yak
  4840 | D:4      | Reached XP level 8. HP: 44/59 MP: 4/13
  4915 | D:4      | Noticed a yak
  4915 | D:4      | Noticed a yak
  4917 | D:4      | Noticed a yak
  4917 | D:4      | Noticed a yak
  4931 | D:4      | Killed a yak
  4934 | D:4      | Killed a yak
  4941 | D:4      | Killed a yak
  4942 | D:4      | Killed a yak
  4943 | D:4      | Reached skill level 8 in Ice Magic
  5076 | D:4      | Noticed Sigmund
  5087 | D:4      | Killed Sigmund
  5088 | D:4      | Reached XP level 9. HP: 28/66 MP: 8/15
  5456 | D:4      | Killed Edmund
  5510 | D:5      | Entered Level 5 of the Dungeon
  5591 | D:5      | Learned a level 4 spell: Summon Ice Beast
  5623 | D:5      | Reached skill level 5 in Fighting
  6133 | D:5      | Reached skill level 1 in Summonings
  6319 | D:5      | Reached skill level 9 in Ice Magic
  6632 | D:6      | Noticed a troll
  6756 | D:6      | Reached skill level 5 in Spellcasting
  7657 | D:6      | Reached skill level 5 in Polearms
  7657 | D:6      | Reached XP level 10. HP: 37/76 MP: 14/17
  8005 | D:6      | Found a runed translucent door.
  8006 | D:6      | Noticed Crazy Yiuf
  8123 | D:6      | Identified the +4 long sword of the Nice God {drain, Drain
                  | +Blink Str+8 Dex-2}
  8267 | D:6      | Reached * piety under the Shining One
  8306 | D:6      | Paralysed by a gnoll sergeant for 5 turns
  8419 | D:6      | Reached skill level 10 in Ice Magic
  8760 | D:6      | Killed Crazy Yiuf
  9078 | D:7      | Reached ** piety under the Shining One
  9085 | D:7      | Reached skill level 5 in Shields
  9380 | D:7      | Noticed Maggie
  9391 | D:7      | Killed Maggie
  9472 | D:7      | Learned a level 5 spell: Freezing Cloud
  9625 | D:7      | Found an ancient bone altar of Kikubaaqudgha.
  9634 | D:7      | Reached *** piety under the Shining One
  9832 | D:7      | Found a shimmering blue altar of Sif Muna.
  9835 | D:7      | Found a hide-covered altar of Uskayaw.
 10284 | D:8      | Found a stormy altar of Qazlal.
 10394 | D:8      | Found an opulent altar of Gozag.
 10468 | D:8      | Noticed Erica
 10473 | D:8      | Killed Erica
 10474 | D:8      | Reached skill level 1 in Conjurations
 10474 | D:8      | Reached skill level 11 in Ice Magic
 10474 | D:8      | Reached skill level 1 in Air Magic
 10474 | D:8      | Reached skill level 1 in Invocations
 10474 | D:8      | Reached skill level 1 in Evocations
 10474 | D:8      | Reached XP level 11. HP: 66/83 MP: 12/20
 10603 | D:8      | Noticed Joseph
 10617 | D:8      | Killed Joseph
 10717 | D:8      | Found Qasongeg's Distillery.
 10725 | D:8      | Bought a potion of heal wounds for 70 gold pieces
 11016 | D:9      | Found a shadowy altar of Dithmenos.
 11676 | D:10     | Entered Level 10 of the Dungeon
 11721 | D:10     | Reached **** piety under the Shining One
 12008 | D:10     | Found a staircase to the Lair.
 12027 | D:10     | Found a sparkling altar of Nemelex Xobeh.
 12083 | D:10     | Noticed a cyclops
 12099 | D:10     | Killed a cyclops
 12218 | D:10     | Found a staircase to the Orcish Mines.
 12334 | D:10     | Noticed a two-headed ogre
 12345 | D:10     | Killed a two-headed ogre
 12928 | Lair:1   | Entered Level 1 of the Lair of Beasts
 13285 | Lair:1   | Reached XP level 12. HP: 35/91 MP: 17/21
 14179 | Lair:1   | Reached skill level 12 in Ice Magic
 14311 | Lair:2   | Reached skill level 5 in Dodging
 14596 | Lair:2   | Learned a level 3 spell: Hailstorm
 14651 | Lair:2   | Found a staircase to the Shoals.
 15485 | Lair:3   | Found a gate leading to a gauntlet.
 15504 | Gauntlet | Entered a Gauntlet
 15504 | Gauntlet | Found a large runed translucent door.
 15504 | Gauntlet | Found a large runed translucent door.
 15504 | Gauntlet | Found a large runed translucent door.
 15504 | Gauntlet | Found a large runed translucent door.
 15504 | Gauntlet | Found a large runed translucent door.
 15504 | Gauntlet | Found a large runed translucent door.
 15504 | Gauntlet | Found a runed translucent door.
 15504 | Gauntlet | Found a transporter.
 15504 | Gauntlet | Found a transporter.
 15504 | Gauntlet | Found a runed translucent door.
 15504 | Gauntlet | Found a large runed translucent door.
 15504 | Gauntlet | Found a large runed translucent door.
 15504 | Gauntlet | Found a large runed translucent door.
 15504 | Gauntlet | Found a large runed translucent door.
 15504 | Gauntlet | Found a large runed translucent door.
 15504 | Gauntlet | Found a large runed translucent door.
 15509 | Gauntlet | Found a transporter.
 15524 | Gauntlet | Found a transporter.
 15538 | Gauntlet | Found a transporter.
 15551 | Gauntlet | Found a transporter.
 15553 | Gauntlet | Noticed a hell hog
 15554 | Gauntlet | Noticed a death yak
 15554 | Gauntlet | Noticed a death yak
 15555 | Gauntlet | Noticed a death yak
 15567 | Gauntlet | Found a transporter.
 15579 | Gauntlet | Noticed a death yak
 15630 | Gauntlet | Found a large runed translucent door.
 15630 | Gauntlet | Found a large runed translucent door.
 15631 | Gauntlet | Found a runed translucent gate.
 15631 | Gauntlet | Found a runed translucent gate.
 15631 | Gauntlet | Found a runed translucent gate.
 15633 | Gauntlet | Found a transporter.
 15643 | Gauntlet | Found a large runed translucent door.
 15644 | Gauntlet | Found a large runed translucent door.
 15648 | Gauntlet | Found a transporter.
 15662 | Gauntlet | Found a transporter.
 15675 | Gauntlet | Found a transporter.
 15693 | Gauntlet | Found a transporter.
 15762 | Gauntlet | Found a transporter.
 15767 | Gauntlet | Reached ***** piety under the Shining One
 15776 | Gauntlet | Found the +3 Elemental Staff {rElec rF++ rC++ AC+5}
 15778 | Gauntlet | Found a transporter.
 15806 | Gauntlet | Found a transporter.
 15816 | Gauntlet | Found a transporter.
 15878 | Gauntlet | Paralysed by a hornet for 1 turns
 15957 | Gauntlet | Reached XP level 13. HP: 62/99 MP: 18/24
 15970 | Gauntlet | Identified the ring of the Equinox {rF+ Will+ rCorr}
 16042 | Gauntlet | Identified the +3 cloak of the Fiend {rPois Regen+}
 16121 | Gauntlet | Identified the ring of the Open Hand {Ice Str+3 Dex+2}
 16121 | Gauntlet | Noticed a minotaur
 16133 | Gauntlet | Killed a minotaur
 16134 | Gauntlet | Reached skill level 13 in Ice Magic
 16153 | Gauntlet | Identified the ring of Byejaklu {rF- Will+ rCorr Str-4
                  | Dex+9}
 16657 | Lair:3   | Found a hole to the Spider Nest.
 17550 | Lair:4   | Noticed Snorg
 17567 | Lair:4   | Killed Snorg
 18093 | Lair:4   | Reached skill level 10 in Polearms
 18299 | Lair:4   | Identified the ring of Xaofigo {Dex+6 Stlth+}
 18439 | Lair:4   | Found a viscous altar of Jiyva.
 18440 | Lair:4   | Found a staircase to the Slime Pits.
 18467 | Lair:4   | Reached skill level 5 in Armour
 18769 | Lair:5   | Entered Level 5 of the Lair of Beasts
 19029 | Lair:5   | Reached XP level 14. HP: 108/108 MP: 8/26
 19606 | Lair:5   | Reached skill level 14 in Ice Magic
 20501 | Lair:5   | Found a runed translucent door.
 21387 | Orc:1    | Entered Level 1 of the Orcish Mines
 21728 | Orc:2    | Entered Level 2 of the Orcish Mines
 21758 | Orc:2    | Found Uhib's Armour Shoppe.
 22258 | Orc:2    | Found a staircase to the Elven Halls.
 22285 | Orc:2    | Noticed Josephine
 22294 | Orc:2    | Killed Josephine
 22295 | Orc:2    | Reached skill level 5 in Air Magic
 22314 | Orc:2    | Reached skill level 5 in Conjurations
 22757 | Orc:2    | Reached skill level 10 in Fighting
 22873 | Orc:2    | Found Pos Laf's Antique Armour Shop.
 22942 | Orc:2    | Reached ****** piety under the Shining One
 23130 | Orc:2    | Found Loceatso's General Store.
 23133 | Orc:2    | Found Mivemm's General Store.
 23431 | Orc:2    | Found Yha Hytt's Assorted Antiques.
 23431 | Orc:2    | Noticed an orc warlord
 23509 | Orc:2    | Reached XP level 15. HP: 115/115 MP: 25/27
 23533 | Orc:2    | Killed an orc warlord
 23534 | Orc:2    | Reached skill level 15 in Ice Magic
 23671 | Orc:2    | Bought a scroll of acquirement for 728 gold pieces
 23672 | Orc:2    | Acquired the ring "Quiruv" {rPois Will+ rCorr Dex+5}
 23696 | Orc:2    | Bought a pair of masterwork boots for 275 gold pieces
 23696 | Orc:2    | Identified the +2 pair of boots "Cein" {rElec Str-4 Dex+3}
                  | (You bought it in a shop on level 2 of the Orcish Mines)
 23791 | Orc:2    | Bought a +2 pair of gloves for 264 gold pieces
 23858 | Elf:1    | Entered Level 1 of the Elven Halls
 24024 | Elf:1    | Noticed a deep elf sorcerer
 24162 | Orc:2    | Learned a level 3 spell: Stone Arrow
 24312 | Spider:1 | Entered Level 1 of the Spider Nest
 24650 | Spider:1 | Reached skill level 1 in Earth Magic
 25046 | Spider:1 | Noticed Donald
 25058 | Spider:1 | Killed Donald
 25575 | Spider:1 | Reached skill level 16 in Ice Magic
 26461 | Spider:2 | Reached skill level 10 in Shields
 26499 | Spider:2 | Noticed Frances
 26514 | Spider:2 | Killed Frances
 26904 | Spider:2 | Reached XP level 16. HP: 91/122 MP: 18/29
 27318 | Spider:2 | Reached skill level 10 in Spellcasting
 27459 | Spider:2 | Noticed Agnes
 27484 | Spider:2 | Killed Agnes
 28283 | Spider:2 | Reached skill level 17 in Ice Magic
 28461 | Spider:3 | Reached skill level 5 in Summonings
 29211 | Spider:3 | Noticed Aizul
 29994 | Spider:3 | Killed Aizul
 30407 | Spider:3 | Gained mutation: Your spells are a little easier to cast,
                  | but a little less powerful. [mutagenic glow]
 30706 | Spider:4 | Entered Level 4 of the Spider Nest
 31272 | Spider:4 | Reached XP level 17. HP: 20/128 MP: 19/31
 31283 | Spider:4 | Reached skill level 5 in Invocations
 31290 | Spider:4 | HP: 8/192 [demonic crawler (10)]
 31290 | Spider:4 | Slain by a wolf spider

Illustrated notes

Levels and vault maps discovered:
D:1:      heliophobic_arrival_henge, layout_basic, ebering_ecumenical_altar_box
D:2:      layout_basic, uniq_robin, uniq_jessica
D:3:      layout_loops_ring, serial_shops, shop, kennysheep_flooded_box,
          uniq_terence
D:4:      layout_basic, minmay_temple_entry_proselytizer, minmay_misc_feat_iff,
          amcnicky_mini_pool_small, uniq_eustachio, uniq_edmund, uniq_sigmund,
          uniq_duvessa
D:5:      layout_rooms
D:6:      kennysheep_housing_project, layout_loops_cross,
          uniq_crazy_yiuf_cottage
D:7:      layout_loops_ring, minitemple, lemuel_mausoleum_altar_kikubaaqudgha,
          uniq_maggie
D:8:      layout_loops_ring, grunt_gozag_breadcrumbs, grunt_qazlal_clouds,
          serial_shops, shop, kennysheep_nondescript, minmay_crystal_water,
          nrook_campfire, uniq_erica, uniq_joseph
D:9:      layout_basic, mainiacjoe_overflow_concentric_impassable
D:10:     layout_stronghold, mainiacjoe_overflow_brackets, david_lair_shrubbed,
          minmay_orc_entry_temple_small
Temple:   hellmonk_temple_of_storms
Lair:1:   layout_regular_city
Lair:2:   layout_big_grid, minmay_shoals_entry_beasts
Lair:3:   layout_regular_city, hellmonk_spider_entry_not_the_bees,
          gauntlet_entry_generic, minivault_25
Lair:4:   layout_cave_pods, slime_entry_1, beast_lair_carwin_1, uniq_snorg
Lair:5:   wormcave, layout_cave_pods, guppyfry_lair_end_dragon
Spider:1: nicolae_spider_mines_1, nicolae_spider_nooks_and_crannies,
          hangedman_spider_tarantella_strand, uniq_donald
Spider:2: layout_spider_delve, nicolae_spider_shape, uniq_frances, uniq_agnes
Spider:3: nicolae_spider_hilbert_zone_1 [nicolae_spider_hilbert_4_sides_1_open,
          nicolae_spider_hilbert_4_sides_1_open,
          nicolae_spider_hilbert_4_sides_1_open,
          nicolae_spider_hilbert_4_sides_1_open,
          nicolae_spider_hilbert_3_sides_1_open,
          nicolae_spider_hilbert_3_sides_1_open,
          nicolae_spider_hilbert_3_sides_1_open,
          nicolae_spider_hilbert_3_sides_1_open,
          nicolae_spider_hilbert_3_sides_1_open,
          nicolae_spider_hilbert_6_sides_1_open,
          nicolae_spider_hilbert_6_sides_1_open,
          nicolae_spider_hilbert_3_sides_1_open,
          nicolae_spider_hilbert_3_sides_1_open,
          nicolae_spider_hilbert_3_sides_1_open,
          nicolae_spider_hilbert_3_sides_1_open,
          nicolae_spider_hilbert_2_sides_1_open],
          nicolae_spider_some_kinda_spiderbox, uniq_aizul
Spider:4: grunt_spider_rune_parallel, drop_trap
Orc:1:    layout_caves
Orc:2:    hellmonk_orc_salted, layout_caves, serial_shops, shop, uniq_josephine
Elf:1:    elf_arrival_001, layout_loops_cross, orc_legates, hex_medium

Skill      XL: |  1  2  3  4  5  6  7  8  9 10 11 12 13 14 15 16 17 |
---------------+----------------------------------------------------+-----
Dodging        | 3 4 5 6 |  6.0
Fighting       | 1 2 3 4 5 6 7 8 9 10 | 10.0
Ice Magic      | 5 6 7 8 9 11 12 13 14 16 17 | 17.9
Stealth        | 3 |  3.0
Spellcasting   | 3 4 5 6 7 8 9 10 | 10.8
Throwing       | 1 3 |  3.0
Maces & Flails | 1 |  1.0
Armour         | 1 2 3 4 5 6 |  6.0
Polearms       | 1 3 5 6 7 9 10 11 12 | 12.0
Shields        | 1 3 4 5 6 7 8 9 10 11 | 11.3
Summonings     | 2 3 5 |  5.0
Conjurations   | 1 2 3 4 5 6 |  6.0
Air Magic      | 1 2 3 4 5 |  5.0
Invocations    | 1 3 4 5 |  5.0
Evocations     | 1 2 3 |  3.0
Earth Magic    | 3 |  3.9

Action                   |  1- 3 |  4- 6 |  7- 9 | 10-12 | 13-15 | 16-18 || total
-------------------------+-------+-------+-------+-------+-------+-------++-------
Melee: Short sword       |     5 |       |       |       |       |       ||     5
       Demon whip        |     5 |    36 |       |       |       |       ||    41
       Punch             |       |     1 |     3 |       |       |       ||     4
       Trident           |       |       |    25 |   303 |   220 |   220 ||   768
       Spear             |       |       |    92 |     7 |       |       ||    99
       Halberd           |       |       |       |    10 |       |       ||    10
       Staff             |       |       |       |       |    17 |       ||    17
       Tailslap          |       |       |       |       |     3 |       ||     3
Throw: Boomerang         |       |       |    20 |    49 |    89 |    47 ||   205
       Dart              |       |       |     4 |     2 |     7 |    10 ||    23
       Javelin           |       |       |       |       |     6 |     3 ||     9
 Cast: Freeze            |    46 |    74 |    71 |   219 |   717 |   308 ||  1435
       Frozen Ramparts   |       |     5 |    30 |    70 |   141 |    70 ||   316
       Ozocubu's Armour  |       |       |     6 |    18 |    18 |    16 ||    58
       Hailstorm         |       |       |       |       |     1 |       ||     1
       Summon Ice Beast  |       |       |       |       |     1 |       ||     1
       Stone Arrow       |       |       |       |       |       |     1 ||     1
Evoke: Lightning rod     |       |       |       |       |     4 |     4 ||     8
       Tin of tremorston |       |       |       |       |     3 |       ||     3
       Wand              |       |       |       |       |     8 |       ||     8
  Use: Scroll            |       |     2 |     4 |    17 |    12 |     3 ||    38
       Potion            |       |     1 |     2 |     3 |     4 |     5 ||    15
 Stab: Sleeping          |     1 |       |       |       |       |       ||     1
Armor: Robe              |     7 |    11 |    34 |       |       |       ||    52
       Leather armour    |       |       |     2 |    12 |       |       ||    14
       Troll leather arm |       |       |       |   114 |   434 |   421 ||   969
Dodge: Dodged            |    34 |    63 |   102 |   220 |   462 |   393 ||  1274
Block: Buckler           |       |       |       |   108 |     4 |       ||   112
       Kite shield       |       |       |       |       |   635 |   548 ||  1183

Table legend: (Time is in decaauts)
 A = Elapsed time spent in this place.
 B = Non-inter-level travel time spent in this place.
 C = Inter-level travel time spent in this place.
 D = Time resting spent in this place.
 E = Time spent auto-exploring this place.
 F = Levels seen in this place.
 G = Mean time per level.
                   A        B        C        D        E       F      G
               +--------+--------+--------+--------+--------+-----+--------+
         Total |  31356 |  29929 |   1427 |   7845 |  14421 |  24 | 1306.5 |
       Dungeon |  13297 |  12549 |    748 |   2716 |   6903 |  10 | 1329.7 |
        Temple |     78 |     78 |      0 |      0 |     31 |   1 |   78.0 |
          Lair |   7616 |   7311 |    305 |   1822 |   3709 |   5 | 1523.2 |
   Spider Nest |   6833 |   6700 |    133 |   2510 |   2399 |   4 | 1708.2 |
  Orcish Mines |   2667 |   2427 |    240 |    669 |   1075 |   2 | 1333.5 |
   Elven Halls |    177 |    177 |      0 |     62 |      0 |   1 |  177.0 |
      Gauntlet |    686 |    686 |      0 |     66 |    304 |   1 |  686.0 |
               +--------+--------+--------+--------+--------+-----+--------+

Top non-repeatable levels by time:
Spider:3: 2630 daAuts
  Lair:5: 2420 daAuts
Spider:2: 2212 daAuts
   Orc:2: 2081 daAuts
     D:6: 2032 daAuts
     D:2: 1967 daAuts
     D:4: 1800 daAuts
Spider:1: 1755 daAuts
    D:10: 1684 daAuts
  Lair:3: 1626 daAuts
  Lair:4: 1376 daAuts
     D:5: 1278 daAuts
     D:7: 1270 daAuts
  Lair:1: 1152 daAuts
  Lair:2: 1042 daAuts
